 Dungeon Crawl Stone Soup version 0.24.1-4-ge52af88ad5 (webtiles) character file.

Game seed: 17631619314072499289, levelgen mode: deterministic

53 MajorAdolf the Magician (level 3, 0/28 HPs)
             Began as a Naga Wanderer on Apr 12, 2020.
             Succumbed to an adder's poison
             ... on level 3 of the Dungeon.
             The game lasted 00:04:21 (2447 turns).

MajorAdolf the Magician (Naga Wanderer)             Turns: 2447, Time: 00:04:22

Health: 0/28       AC:  7    Str: 18    XL:     3   Next: 89%
Magic:  7/7        EV:  5    Int: 15    God:
Gold:   43         SH:  0    Dex:  9    Spells: 7/8 levels left

rFire    . . .     SeeInvis +   r - +0 battleaxe
rCold    . . .     Gourm    .   (shield currently unavailable)
rNeg     . . .     Faith    .   d - +2 chain mail {rPois}
rPois    +         Spirit   .   (no helmet)
rElec    .         Reflect  .   (no cloak)
rCorr    .         Harm     .   (no gloves)
MR       .....                  (no barding)
Stlth    ..........             (no amulet)
HPRegen  0.09/turn              (no ring)
MPRegen  0.10/turn              (no ring)

@: brilliant, lethally poisoned (0 -> -3), berserk cooldown, slowed, very slow
A: large, see invisible, deformed body, poison resistance, slowness 2, slow
metabolism 1, spit poison 1, AC +1
a: Spit Poison


You were on level 3 of the Dungeon.
You were hungry.

You visited 1 branch of the dungeon, and saw 3 of its levels.

You collected 43 gold pieces.

Inventory:

Hand Weapons
 i - a +0 dagger
 r - a +0 battleaxe (weapon)
Missiles
 n - 34 arrows
Armour
 b - a +0 ring mail
 c - a +0 buckler
 d - a +2 chain mail of poison resistance (worn)
Jewellery
 a - an uncursed ring of fire {unknown}
Scrolls
 e - 4 scrolls of teleportation {unknown}
 g - 5 scrolls of identify {unknown}
 k - a scroll of enchant armour {unknown}
 o - a scroll of amnesia {unknown}
 p - 2 scrolls of remove curse {unknown}
Potions
 h - a potion of brilliance
 j - a potion of haste {unknown}
 l - a potion of agility {unknown}
 m - a potion of flight {unknown}
 q - a potion of berserk rage
Comestibles
 f - 4 rations
 s - 2 chunks of flesh


   Skills:
 + Level 0.9 Axes
   Level 1.7 Bows
 - Level 2.7 Armour
 - Level 0.5 Dodging
 - Level 1.5 Stealth
 - Level 1.0 Shields
 - Level 3.0 Spellcasting
   Level 1.0 Translocations
 - Level 1.0 Transmutations


You had 7 spell levels left.
You knew the following spells:

 Your Spells              Type           Power        Failure   Level  Hunger
a - Beastly Appendage     Tmut           ##....       19%         1    #......

Your spell library contained the following spells:

 Spells                   Type           Power        Failure   Level  Hunger
 Sticks to Snakes         Tmut           ##......     26%         2    ##.....
 Spider Form              Tmut/Pois      ##........   50%         3    ###....
 Ice Form                 Ice/Tmut       ##......     85%         4    #####..
 Blade Hands              Tmut           ##........   97%         5    ######.


Dungeon Overview and Level Annotations

Branches:
Dungeon (3/15)

Altars:
Okawaru


Innate Abilities, Weirdness & Mutations

You cannot wear boots.
Your serpentine skin is tough. (AC +1)
You have supernaturally acute eyesight. (SInv)
Armour fits poorly on your strangely shaped body.
Your system is resistant to poisons. (rPois)
You cover ground very slowly.
You have a slow metabolism.
You can spit poison.


Message History

The adder bites you but does no damage.
You miss the adder.
The adder is lightly wounded.
The adder barely misses you. The adder bites you but does no damage.
You closely miss the adder.
The adder is lightly wounded.
* * * LOW HITPOINT WARNING * * *
You feel sick. The adder bites you but does no damage.
You miss the adder.
The adder is lightly wounded.
The adder bites you but does no damage. x2
You barely miss the adder.
The adder is lightly wounded.
The adder bites you but does no damage.
You closely miss the adder.
The adder is lightly wounded.
You are no longer berserk.
You are exhausted.
You feel yourself slow down.
You die...

###...##
#.......
##.#....
##...#.#
####....^.#
..........##
#.......#
##.####..<...#
#..<.S@......#
....#.#####...#
# # ##..# #.##
#.# #.# #.# #.#
..#


You could see an adder.

Vanquished Creatures
  An adder (D:2)
  A leopard gecko (D:2)
  2 ball pythons
  5 giant cockroaches
  A goblin (D:1)
  6 hobgoblins
  5 jackals
  4 bats
  6 frilled lizards
  3 kobolds
  9 rats
43 creatures vanquished.

Notes
Turn   | Place    | Note
-------+----------+-------------------------------------------
     0 | D:1      | MajorAdolf the Naga Wanderer began the quest for the Orb.
     0 | D:1      | MajorAdolf set off with the following items: a +0 club, a
                  | +0 ring mail, a +0 buckler, a ration; and the following
                  | spell memorised: Beastly Appendage; and the following
                  | spells available to memorise: Sticks to Snakes, Spider
                  | Form, Ice Form, Blade Hands
     0 | D:1      | Reached XP level 1. HP: 15/15 MP: 4/4
   370 | D:1      | Reached XP level 2. HP: 13/22 MP: 6/6
  1300 | D:2      | Reached XP level 3. HP: 28/28 MP: 7/7
  1860 | D:2      | Found an iron altar of Okawaru.
  2441 | D:3      | HP: 2/42 [adder (4)]
  2447 | D:3      | Succumbed to an adder's poison

Levels and vault maps discovered:
D:1:      psy_arrival_statuary, layout_basic
D:2:      layout_loops_ring, okawaru_gym_becter
D:3:      layout_loops_ring, serial_bayou, serial_bayou_shore_b,
          serial_bayou_pond_b, serial_bayou_pond_d, serial_bayou_shore_a,
          hangedman_abyss_or_decor_stabs, fedhas_altar_fruit_tree

Skill      XL: |  1  2 |
---------------+-------+-----
Armour         | 2 |  2.7
Axes           | |  0.9
Bows           | |  1.7
Dodging        | |  0.5
Stealth        | |  1.5
Shields        | |  1.0
Spellcasting   | |  3.0
Translocations | |  1.0
Transmutations | |  1.0

Action                   || total
-------------------------++-------
Melee: Unarmed           ||    83
       Dagger            ||   142
       Battleaxe         ||    32
 Abil: Spit Poison       ||    30
  Use: Potion            ||     2
  Eat: Chunk             ||     5
Armor: Chain mail        ||   246
Dodge: Dodged            ||    69
Block: Buckler           ||    29
